Blackhawks vs Lightning

Created - Monday, January 25, 2016 at 12:16

Goals
1 2 3 T
Blackhawks 1 2 0 3
Lightning 0 1 1 2
Shots
1 2 3 T
Blackhawks 8 12 14 34
Lightning 9 15 7 31

1st period

1. Blackhawks , David Backes 29 (Jeff Carter, Pascal Dupuis) at 8:40 (PP)

Penalties :
Alex Chiasson (TB ) for Hooking (Minor) at 1:39, Roman Polak (TB ) for Goalie Interference (Minor) at 7:30, Craig Anderson (Chi) for Slashing (Minor) at 13:29 - Troy Brouwer served the penalty

2nd period

2. Lightning , Ondrej Palat 17 (Brandon Dubinsky, Ryan Strome) at 1:47
3. Blackhawks , Pascal Dupuis 28 (Jeff Carter) at 8:56 (PP)
4. Blackhawks , David Backes 30 (Andrew Shaw, Pascal Dupuis) at 13:21

Penalties :
David Backes (Chi) for Roughing (Minor) at 5:57, Marc Methot (TB ) for Tripping (Minor) at 8:26, Andrew Shaw (Chi) for Holding (Minor) at 10:20, Riley Sheahan (Chi) for Roughing (Minor) at 13:52, Dustin Byfuglien (Chi) for Hooking (Minor) at 17:56

3rd period

5. Lightning , Ondrej Palat 18 (Brandon Dubinsky, Dmitry Kulikov) at 17:13 (PP)

Penalties :
Alexander Steen (TB ) for Goalie Interference (Minor) at 3:27, Ryan Strome (TB ) for Roughing (Minor) at 7:43, Martin Hanzal (Chi) for Tripping (Minor) at 10:18, Torey Krug (Chi) for Roughing (Minor) at 15:37, Dmitry Kulikov (TB ) for Elbowing (Minor) at 17:53

Goalie Stats

Craig Anderson (Chi), 29 saves from 31 shots - (0.935), W, 24-9-4, 60:00 minutes
Carey Price (TB ), 31 saves from 34 shots - (0.912), L, 22-10-5, 60:00 minutes

Players Stats for Blackhawks

Player Name              G  A  P  +/- PIM S  H  SB GA TA FO     MP     PP MP  PK MP  
------------------------------------------------------------------------------------
Andrew Shaw              0  1  1   1  2   0  0  0  0  0  0/0    15:30   0:00   5:24 
Andy Greene              0  0  0   0  0   1  0  3  0  2  0/0    21:31   0:42   5:14 
Brent Burns              0  0  0   0  0   1  1  1  0  0  0/0     7:45   1:39   1:41 
Craig Smith              0  0  0   0  0   2  1  0  2  0  0/0     9:53   0:00   0:00 
David Backes             2  0  2   1  2   6  0  0  2  0  14/19  16:37   5:34   2:17 
Dustin Byfuglien         0  0  0  -1  2   0  4  0  0  0  0/0    17:33   7:44   1:06 
Jared Spurgeon           0  0  0   0  0   1  1  3  0  0  0/0    18:10   0:00   8:16 
Jeff Carter              0  2  2  -1  0   4  4  0  5  0  6/12   19:32   5:34   6:20 
Martin Hanzal            0  0  0   0  2   3  4  1  0  1  4/14   19:48   4:02   4:23 
Michael Del Zotto        0  0  0   0  0   1  1  0  0  0  0/0    18:14   0:00   3:33 
Mike Hoffman             0  0  0   0  0   2  0  0  3  0  1/1    14:00   4:02   0:00 
Pascal Dupuis            1  2  3   1  0   2  2  1  1  3  0/1    21:42   5:34   7:19 
Riley Sheahan            0  0  0   0  2   3  1  0  0  1  6/9    11:31   0:00   0:00 
Sami Vatanen             0  0  0   0  0   1  0  1  0  1  0/0    26:30   1:52   8:16 
Tanner Pearson           0  0  0   0  0   1  0  0  1  0  0/0     9:21   0:00   0:11 
Torey Krug               0  0  0   0  2   1  1  0  0  0  0/0    18:27   7:15   0:00 
Troy Brouwer             0  0  0   0  0   2  1  0  0  0  0/0     9:20   0:00   0:00 
Tyler Toffoli            0  0  0  -1  0   3  2  0  1  0  1/1    10:55   4:02   0:00 

Players Stats for Lightning

Player Name              G  A  P  +/- PIM S  H  SB GA TA FO     MP     PP MP  PK MP  
------------------------------------------------------------------------------------
Alex Chiasson            0  0  0  -1  2   1  1  0  0  1  0/0     8:35   0:00   0:00 
Alexander Steen          0  0  0   0  2   3  1  0  0  0  0/1    17:29   6:58   0:00 
Brandon Dubinsky         0  2  2   1  0   2  1  1  3  1  8/15   21:34   6:32   4:56 
Derek MacKenzie          0  0  0   0  0   0  0  0  0  1  6/12   13:10   0:00   4:40 
Dmitry Kulikov           0  1  1   0  2   0  0  2  2  0  0/0    22:58   6:13   3:50 
Jiri Tlusty              0  0  0  -1  0   1  1  0  2  0  0/1     8:06   0:00   0:00 
John Mitchell            0  0  0  -1  0   0  0  0  0  0  3/10    8:06   0:00   0:00 
Leo Komarov              0  0  0   0  0   1  1  0  0  1  0/1    13:10   0:00   4:40 
Marc Methot              0  0  0   0  2   1  0  1  0  0  0/0    23:13   6:13   4:50 
Matt Calvert             0  0  0   0  0   4  0  1  0  1  0/0    14:04   0:00   4:56 
Michael Stone            0  0  0   0  0   0  1  1  0  0  0/0    12:09   0:00   0:00 
Ondrej Palat             2  0  2   1  0   4  2  1  2  0  0/2    15:39   6:32   0:00 
Patric Hornqvist         0  0  0   0  0   6  5  0  5  0  0/1    17:09   6:58   0:00 
Roman Polak              0  0  0   0  2   1  1  2  0  2  0/0    18:17   0:00   5:00 
Ryan Nugent-Hopkins      0  0  0   0  0   1  0  0  0  0  8/14   17:09   6:58   0:00 
Ryan Strome              0  1  1   1  2   3  1  0  0  0  0/0    16:04   6:32   0:00 
Ryan Suter               0  0  0   0  0   2  1  3  0  3  0/0    24:37   7:17   5:32 
Tyson Barrie             0  0  0   0  0   1  0  2  0  0  0/0    18:44   7:17   0:00 

3 Stars

1 - Pascal Dupuis (Chi)
2 - Ondrej Palat (TB )
3 - David Backes (Chi)

Power Play

Blackhawks - 2 on 6 Attempt(s) - 33.33%
Lightning - 1 on 7 Attempt(s) - 14.29%

Penalty Kill

Blackhawks - 6 on 7 Attempt(s) - 85.71% - Score 0 goal in Penalty Kill
Lightning - 4 on 6 Attempt(s) - 66.67% - Score 0 goal in Penalty Kill

Team Stat

Blackhawks - Hits : 23 - Faceoff Wins : 32 - Blocked Shots : 10 - Penalty Minutes : 12
Lightning - Hits : 16 - Faceoff Wins : 25 - Blocked Shots : 14 - Penalty Minutes : 12

Official

Referees : Unknown
Linesman : Unknown

Game Notes

Brent Burns is injured at 18:18 of 1st period (Back Spasms)
3:56 of 3rd period - Blackhawks goal is going for a video replay. After video review, No Goal. The net was displaced accidentally.

Finance

Level 1 -- Attendance: 5615 (93.58%) -- Ticket Income $421,125
Level 2 -- Attendance: 4944 (98.88%) -- Ticket Income $247,200
Level 3 -- Attendance: 2000 (100.00%) -- Ticket Income $50,000
Level 4 -- Attendance: 3911 (97.78%) -- Ticket Income $58,665
Luxury Box -- Attendance: 1000 (100.00%) -- Ticket Income $175,000
Game was played at the St. Pete Times Forum.
Total Attendance: 17470 (97.06%)
Total Ticket Income: $951,990
Other Income: $466,475
Total Income: $1,418,465

Blackhawks

5 vs 5 Forward 
   Center                   Left Wing                Right Wing               Time % Phy DF OF 
 1 Jeff Carter              Dustin Byfuglien         Tyler Toffoli            25     0   1  4  
 2 Riley Sheahan            Mike Hoffman             Craig Smith              25     0   1  4  
 3 David Backes             Pascal Dupuis            Andrew Shaw              25     1   1  3  
 4 Martin Hanzal            Tanner Pearson           Troy Brouwer             25     1   2  2  

5 vs 5 Defense 
   Defense                  Defense                                           Time % Phy DF OF 
 1 Andy Greene              Brent Burns                                       30     1   2  2  
 2 Sami Vatanen             Jared Spurgeon                                    30     1   2  2  
 3 Torey Krug               Michael Del Zotto                                 30     1   2  2  
 4 Andy Greene              Brent Burns                                       10     1   2  2  

PowerPlay Forward 
   Center                   Left Wing                Right Wing               Time % Phy DF OF 
 1 David Backes             Pascal Dupuis            Jeff Carter              60     0   1  4  
 2 Martin Hanzal            Mike Hoffman             Tyler Toffoli            40     0   1  4  

PowerPlay Defense
   Defense                  Defense                                           Time % Phy DF OF 
 1 Dustin Byfuglien         Brent Burns                                       60     1   1  3  
 2 Torey Krug               Sami Vatanen                                      40     1   1  3  

Penalty Kill 4 Players Forward 
   Center                   Wing                     Time % Phy DF OF 
 1 Jeff Carter              Pascal Dupuis            50     1   3  1  
 2 Martin Hanzal            Andrew Shaw              50     1   3  1  

Penalty Kill 4 Players Defense
   Defense                  Defense                  Time % Phy DF OF 
 1 Andy Greene              Brent Burns              50     2   3  0  
 2 Sami Vatanen             Jared Spurgeon           50     2   3  0  

Penalty Kill - 3 Players Forward 
   Forward                                           Time % Phy DF OF 
 1 David Backes                                      50     1   4  0  
 2 Troy Brouwer                                      50     1   4  0  

Penalty Kill - 3 Players Defense
   Defense                  Defense                  Time % Phy DF OF 
 1 Andy Greene              Brent Burns              50     1   4  0  
 2 Sami Vatanen             Jared Spurgeon           50     1   4  0  

4 vs 4 Forward 
   Center                   Wing                     Time % Phy DF OF 
 1 Riley Sheahan            Craig Smith              50     0   2  3  
 2 Martin Hanzal            Tanner Pearson           50     0   2  3  

4 vs 4 Defense
   Defense                  Defense                  Time % Phy DF OF 
 1 Torey Krug               Michael Del Zotto        50     1   2  2  
 2 Sami Vatanen             Jared Spurgeon           50     1   2  2  

Last Minutes Offensive
   Center                   Left Wing                Right Wing               Defense                  Defense                  
   David Backes             Pascal Dupuis            Jeff Carter              Dustin Byfuglien         Brent Burns              

Last Minutes Defensive
   Center                   Left Wing                Right Wing               Defense                  Defense                  
   David Backes             Pascal Dupuis            Troy Brouwer             Andy Greene              Jared Spurgeon           

Goaltenders
Starting : Craig Anderson           
Backup : Scott Darling            

Extra Forwards
Normal : Mike Hoffman, Tanner Pearson, Jeff Carter - PP : Mike Hoffman, Tanner Pearson - PK : Pascal Dupuis
Extra Defensemen
Normal : Sami Vatanen, Michael Del Zotto, Brent Burns - PP : Torey Krug - PK : Michael Del Zotto, Andy Greene
Penalty Shots
Sami Vatanen, Riley Sheahan, Pascal Dupuis, Craig Smith, Jeff Carter

Lightning

5 vs 5 Forward 
   Center                   Left Wing                Right Wing               Time % Phy DF OF 
 1 Ryan Nugent-Hopkins      Alexander Steen          Patric Hornqvist         30     0   2  3  
 2 Brandon Dubinsky         Ondrej Palat             Ryan Strome              30     1   2  2  
 3 John Mitchell            Jiri Tlusty              Alex Chiasson            20     1   2  2  
 4 Derek MacKenzie          Matt Calvert             Leo Komarov              20     1   2  2  

5 vs 5 Defense 
   Defense                  Defense                                           Time % Phy DF OF 
 1 Ryan Suter               Tyson Barrie                                      34     1   2  2  
 2 Dmitry Kulikov           Marc Methot                                       33     1   2  2  
 3 Roman Polak              Michael Stone                                     33     1   2  2  
 4 Ryan Suter               Tyson Barrie                                      0      1   2  2  

PowerPlay Forward 
   Center                   Left Wing                Right Wing               Time % Phy DF OF 
 1 Ryan Nugent-Hopkins      Alexander Steen          Patric Hornqvist         50     0   1  4  
 2 Brandon Dubinsky         Ondrej Palat             Ryan Strome              50     1   1  3  

PowerPlay Defense
   Defense                  Defense                                           Time % Phy DF OF 
 1 Ryan Suter               Tyson Barrie                                      60     1   2  2  
 2 Dmitry Kulikov           Marc Methot                                       40     1   2  2  

Penalty Kill 4 Players Forward 
   Center                   Wing                     Time % Phy DF OF 
 1 Derek MacKenzie          Leo Komarov              50     1   4  0  
 2 Brandon Dubinsky         Matt Calvert             50     1   4  0  

Penalty Kill 4 Players Defense
   Defense                  Defense                  Time % Phy DF OF 
 1 Dmitry Kulikov           Roman Polak              50     1   4  0  
 2 Ryan Suter               Marc Methot              50     1   4  0  

Penalty Kill - 3 Players Forward 
   Forward                                           Time % Phy DF OF 
 1 Derek MacKenzie                                   50     1   4  0  
 2 Brandon Dubinsky                                  50     1   4  0  

Penalty Kill - 3 Players Defense
   Defense                  Defense                  Time % Phy DF OF 
 1 Dmitry Kulikov           Roman Polak              50     1   4  0  
 2 Ryan Suter               Marc Methot              50     1   4  0  

4 vs 4 Forward 
   Center                   Wing                     Time % Phy DF OF 
 1 Ryan Nugent-Hopkins      Patric Hornqvist         50     1   2  2  
 2 Brandon Dubinsky         Ondrej Palat             50     1   2  2  

4 vs 4 Defense
   Defense                  Defense                  Time % Phy DF OF 
 1 Ryan Suter               Tyson Barrie             50     1   2  2  
 2 Dmitry Kulikov           Marc Methot              50     1   2  2  

Last Minutes Offensive
   Center                   Left Wing                Right Wing               Defense                  Defense                  
   Ryan Nugent-Hopkins      Alexander Steen          Patric Hornqvist         Ryan Suter               Tyson Barrie             

Last Minutes Defensive
   Center                   Left Wing                Right Wing               Defense                  Defense                  
   Brandon Dubinsky         Alexander Steen          Leo Komarov              Ryan Suter               Roman Polak              

Goaltenders
Starting : Carey Price              
Backup : Mike Smith               

Extra Forwards
Normal : Ryan Nugent-Hopkins, Patric Hornqvist, Brandon Dubinsky - PP : Ryan Nugent-Hopkins, Patric Hornqvist - PK : Leo Komarov
Extra Defensemen
Normal : Ryan Suter, Dmitry Kulikov, Marc Methot - PP : Ryan Suter - PK : Roman Polak, Ryan Suter
Penalty Shots
Alexander Steen, Derek MacKenzie, Ryan Strome, Ryan Nugent-Hopkins, Patric Hornqvist

% Time on Ice - Blackhawks

Lines # - Real PCT - Wanted PCT - Time Play
Normal Forward
1 - 21% - 25% - 7:39
2 - 33% - 25% - 12:06
3 - 22% - 25% - 7:59
4 - 25% - 25% - 9:10
Normal Defense
1 - 36% - 30% - 13:28
2 - 27% - 30% - 9:50
3 - 30% - 30% - 11:03
4 - 7% - 10% - 2:33
PP Forward
1 - 58% - 60% - 5:34
2 - 42% - 40% - 4:02
PP Defense
1 - 81% - 60% - 7:44
2 - 19% - 40% - 1:52
PK Forward
1 - 45% - 50% - 6:03
2 - 55% - 50% - 7:27
PK Defense
1 - 45% - 50% - 6:02
2 - 55% - 50% - 7:28
PK3 Forward
1 - 0% - 50%
2 - 0% - 50%
PK3 Defense
1 - 0% - 50%
2 - 0% - 50%
44 Forward
1 - 0% - 50%
2 - 0% - 50%
44 Defense
1 - 0% - 50%
2 - 0% - 50%
Last Minute Offensive  - 0:00
Last Minute Defensive  - 0:00
Total
Forward - 60:00
Defense - 60:00

% Time on Ice - Lightning

Lines # - Real PCT - Wanted PCT - Time Play
Normal Forward
1 - 28% - 30% - 10:29
2 - 27% - 30% - 10:06
3 - 22% - 20% - 8:06
4 - 22% - 20% - 8:09
Normal Defense
1 - 34% - 34% - 12:32
2 - 33% - 33% - 12:08
3 - 33% - 33% - 12:10
4 - 0% - 0% - 0:00
PP Forward
1 - 52% - 50% - 6:58
2 - 48% - 50% - 6:32
PP Defense
1 - 54% - 60% - 7:17
2 - 46% - 40% - 6:13
PK Forward
1 - 49% - 50% - 4:40
2 - 51% - 50% - 4:56
PK Defense
1 - 58% - 50% - 5:36
2 - 42% - 50% - 4:00
PK3 Forward
1 - 0% - 50%
2 - 0% - 50%
PK3 Defense
1 - 0% - 50%
2 - 0% - 50%
44 Forward
1 - 0% - 50%
2 - 0% - 50%
44 Defense
1 - 0% - 50%
2 - 0% - 50%
Last Minute Offensive  - 0:04
Last Minute Defensive  - 0:00
Total
Forward - 60:00
Defense - 60:00

Play by Play

1st period


0:01 of 1st period - Ryan Nugent-Hopkins wins face-off versus Jeff Carter in neutral zone.
0:12 of 1st period - Ryan Suter is hit by Tyler Toffoli and loses puck.
0:25 of 1st period - Tyler Toffoli is hit by Patric Hornqvist.
0:33 of 1st period - Snap shot by Jeff Carter.
0:33 of 1st period - Stopped by Carey Price without a rebound.
0:34 of 1st period - Brandon Dubinsky wins face-off versus Riley Sheahan in Lightning zone.
1:39 of 1st period - Minor Penalty to Alex Chiasson for Hooking.
1:40 of 1st period - Derek MacKenzie wins face-off versus Jeff Carter in Lightning zone.
2:11 of 1st period - Snap shot by Jeff Carter.
2:11 of 1st period - Stopped by Carey Price with a rebound.
2:13 of 1st period - Slapshot by Brent Burns.
2:13 of 1st period - Stopped by Carey Price without a rebound.
2:14 of 1st period - Derek MacKenzie wins face-off versus Martin Hanzal in Lightning zone.
2:29 of 1st period - Slapshot by Martin Hanzal.
2:29 of 1st period - Shot Misses the Net.
3:13 of 1st period - David Backes is hit by Roman Polak.
3:39 of 1st period - Penalty to Alex Chiasson is over, Alex Chiasson is back on ice.
5:29 of 1st period - Snap shot by Alex Chiasson.
5:29 of 1st period - Deflect By Jiri Tlusty.
5:29 of 1st period - Shot Misses the Net.
5:29 of 1st period - Puck is out of play.
5:30 of 1st period - Martin Hanzal wins face-off versus John Mitchell in Blackhawks zone.
5:41 of 1st period - Snap shot by Tanner Pearson.
5:41 of 1st period - Shot Misses the Net.
7:01 of 1st period - Ondrej Palat is hit by Jeff Carter and loses puck.
7:14 of 1st period - Snap shot by Tyler Toffoli.
7:14 of 1st period - Shot Misses the Net.
7:16 of 1st period - Slapshot by Michael Del Zotto.
7:16 of 1st period - Shot Blocked by Ondrej Palat.
7:30 of 1st period - Minor Penalty to Roman Polak for Goalie Interference.
7:31 of 1st period - Derek MacKenzie wins face-off versus David Backes in Lightning zone.
8:14 of 1st period - Derek MacKenzie is hit by Brent Burns and loses puck.
8:40 of 1st period - Backhand shot by Jeff Carter.
8:40 of 1st period - Deflect By David Backes.
8:40 of 1st period - Goal by David Backes - Blackhawks : 1 - Lightning : 0.
8:41 of 1st period - Riley Sheahan wins face-off versus Ryan Nugent-Hopkins in neutral zone.
8:55 of 1st period - Snap shot by Patric Hornqvist.
8:55 of 1st period - Deflect By Michael Del Zotto.
8:55 of 1st period - Stopped by Craig Anderson with a rebound.
9:15 of 1st period - Wrist shot by Mike Hoffman.
9:15 of 1st period - Stopped by Carey Price without a rebound.
9:16 of 1st period - Jeff Carter wins face-off versus John Mitchell in Lightning zone.
10:22 of 1st period - Snap shot by Leo Komarov.
10:22 of 1st period - Shot Misses the Net.
10:26 of 1st period - Slapshot by Matt Calvert.
10:26 of 1st period - Stopped by Craig Anderson with a rebound.
10:28 of 1st period - Snap shot by Leo Komarov.
10:28 of 1st period - Shot Blocked by Andy Greene.
11:20 of 1st period - Troy Brouwer is hit by Ondrej Palat and loses puck.
11:37 of 1st period - Slapshot by Patric Hornqvist.
11:37 of 1st period - Shot Misses the Net.
12:43 of 1st period - Troy Brouwer is hit by Leo Komarov and loses puck.
13:23 of 1st period - Slapshot by Ryan Suter.
13:23 of 1st period - Shot Misses the Net.
13:25 of 1st period - Slapshot by Ryan Strome.
13:25 of 1st period - Shot Misses the Net.
13:27 of 1st period - Snap shot by Ryan Strome.
13:27 of 1st period - Stopped by Craig Anderson with a rebound.
13:29 of 1st period - Slapshot by Marc Methot.
13:29 of 1st period - Stopped by Craig Anderson without a rebound.
13:29 of 1st period - Minor Penalty to Craig Anderson for Slashing.
13:30 of 1st period - Ryan Nugent-Hopkins wins face-off versus Jeff Carter in Blackhawks zone.
13:41 of 1st period - Ryan Suter is hit by Jeff Carter.
14:08 of 1st period - Snap shot by Patric Hornqvist.
14:08 of 1st period - Shot Misses the Net.
14:23 of 1st period - Slapshot by Marc Methot.
14:23 of 1st period - Deflect By Ryan Strome.
14:23 of 1st period - Shot Blocked by Andy Greene.
14:23 of 1st period - Puck is out of play.
14:24 of 1st period - David Backes wins face-off versus Brandon Dubinsky in Blackhawks zone.
15:08 of 1st period - Snap shot by Patric Hornqvist.
15:08 of 1st period - Deflect By Ryan Nugent-Hopkins.
15:08 of 1st period - Stopped by Craig Anderson with a rebound.
15:10 of 1st period - Slapshot by Ryan Suter.
15:10 of 1st period - Stopped by Craig Anderson without a rebound.
15:11 of 1st period - David Backes wins face-off versus Ryan Nugent-Hopkins in Blackhawks zone.
15:22 of 1st period - Jared Spurgeon is hit by Ryan Suter and loses puck.
15:29 of 1st period - Penalty to Troy Brouwer is over, Troy Brouwer is back on ice.
15:51 of 1st period - Slapshot by Tyson Barrie.
15:51 of 1st period - Shot Misses the Net.
16:05 of 1st period - Slapshot by Craig Smith.
16:05 of 1st period - Stopped by Carey Price with a rebound.
16:29 of 1st period - Wrist shot by Jeff Carter.
16:29 of 1st period - Deflect By Dustin Byfuglien.
16:29 of 1st period - Shot Blocked by Ryan Suter.
16:29 of 1st period - Puck is out of play.
16:30 of 1st period - Brandon Dubinsky wins face-off versus Jeff Carter in Lightning zone.
16:59 of 1st period - Snap shot by Pascal Dupuis.
16:59 of 1st period - Shot Blocked by Dmitry Kulikov.
17:01 of 1st period - Slapshot by Michael Del Zotto.
17:01 of 1st period - Stopped by Carey Price with a rebound.
17:03 of 1st period - Snap shot by David Backes.
17:03 of 1st period - Shot Misses the Net.
17:05 of 1st period - Slapshot by Andrew Shaw.
17:05 of 1st period - Shot Misses the Net.
17:07 of 1st period - Snap shot by David Backes.
17:07 of 1st period - Shot Misses the Net.
17:09 of 1st period - Slapshot by Torey Krug.
17:09 of 1st period - Shot Misses the Net.
17:49 of 1st period - Alexander Steen is hit by Jared Spurgeon and loses puck.
18:02 of 1st period - Snap shot by Alexander Steen.
18:02 of 1st period - Stopped by Craig Anderson with a rebound.
18:10 of 1st period - Slapshot by Alexander Steen.
18:10 of 1st period - Stopped by Craig Anderson with a rebound.
18:16 of 1st period - Wrist shot by Patric Hornqvist.
18:16 of 1st period - Stopped by Craig Anderson with a rebound.
18:18 of 1st period - Slapshot by Roman Polak.
18:18 of 1st period - Shot Blocked by Brent Burns.
18:18 of 1st period - Brent Burns from Blackhawks is injured at 18:18 of 1st period (Back Spasms).
18:19 of 1st period - Ryan Nugent-Hopkins wins face-off versus David Backes in Blackhawks zone.
18:44 of 1st period - Michael Del Zotto is hit by Patric Hornqvist and loses puck.
19:27 of 1st period - Off-side.
19:28 of 1st period - Riley Sheahan wins face-off versus Brandon Dubinsky in neutral zone.
19:47 of 1st period - Snap shot by Craig Smith.
19:47 of 1st period - Stopped by Carey Price without a rebound.
19:48 of 1st period - John Mitchell wins face-off versus Riley Sheahan in Lightning zone.
19:48 of 1st period - John Mitchell is hit by Riley Sheahan.
Goals for this period are 1 for Blackhawks vs 0 for Lightning.
Shots for this period are 8 for Blackhawks vs 9 for Lightning.

2nd period


0:01 of 2nd period - David Backes wins face-off versus Patric Hornqvist in neutral zone.
0:35 of 2nd period - Wrist shot by David Backes.
0:35 of 2nd period - Stopped by Carey Price without a rebound.
0:36 of 2nd period - Jeff Carter wins face-off versus John Mitchell in Lightning zone.
0:47 of 2nd period - Snap shot by Dustin Byfuglien.
0:47 of 2nd period - Deflect By Tyler Toffoli.
0:47 of 2nd period - Stopped by Carey Price without a rebound.
0:48 of 2nd period - Jeff Carter wins face-off versus Jiri Tlusty in Lightning zone.
0:59 of 2nd period - Slapshot by Jeff Carter.
0:59 of 2nd period - Shot Blocked by Michael Stone.
1:47 of 2nd period - Wrist shot by Ondrej Palat.
1:47 of 2nd period - Goal by Ondrej Palat - Blackhawks : 1 - Lightning : 1.
1:48 of 2nd period - David Backes wins face-off versus Ryan Nugent-Hopkins in neutral zone.
2:07 of 2nd period - Snap shot by Andrew Shaw.
2:07 of 2nd period - Shot Misses the Net.
2:09 of 2nd period - Slapshot by David Backes.
2:09 of 2nd period - Stopped by Carey Price with a rebound.
2:11 of 2nd period - Slapshot by Sami Vatanen.
2:11 of 2nd period - Stopped by Carey Price without a rebound.
2:12 of 2nd period - Riley Sheahan wins face-off versus Derek MacKenzie in Lightning zone.
2:27 of 2nd period - Backhand shot by Dmitry Kulikov.
2:27 of 2nd period - Deflect By Matt Calvert.
2:27 of 2nd period - Shot Blocked by Sami Vatanen.
2:27 of 2nd period - Puck is out of play.
2:28 of 2nd period - Riley Sheahan wins face-off versus Derek MacKenzie in Blackhawks zone.
2:33 of 2nd period - Backhand shot by Mike Hoffman.
2:33 of 2nd period - Stopped by Carey Price with a rebound.
3:37 of 2nd period - David Backes is hit by Ondrej Palat and loses puck.
4:13 of 2nd period - Snap shot by Patric Hornqvist.
4:13 of 2nd period - Stopped by Craig Anderson with a rebound.
4:23 of 2nd period - Roman Polak is hit by Martin Hanzal and loses puck.
5:10 of 2nd period - Snap shot by Jeff Carter.
5:10 of 2nd period - Stopped by Carey Price with a rebound.
5:12 of 2nd period - Snap shot by Dustin Byfuglien.
5:12 of 2nd period - Deflect By Tyler Toffoli.
5:12 of 2nd period - Stopped by Carey Price with a rebound.
5:14 of 2nd period - Slapshot by Sami Vatanen.
5:14 of 2nd period - Deflect By Jeff Carter.
5:14 of 2nd period - Stopped by Carey Price with a rebound.
5:16 of 2nd period - Backhand shot by Sami Vatanen.
5:16 of 2nd period - Deflect By Jeff Carter.
5:16 of 2nd period - Shot Misses the Net.
5:16 of 2nd period - Puck is out of play.
5:17 of 2nd period - Riley Sheahan wins face-off versus John Mitchell in Lightning zone.
5:38 of 2nd period - Snap shot by Riley Sheahan.
5:38 of 2nd period - Stopped by Carey Price without a rebound.
5:39 of 2nd period - David Backes wins face-off versus Brandon Dubinsky in Lightning zone.
5:44 of 2nd period - Snap shot by Pascal Dupuis.
5:44 of 2nd period - Stopped by Carey Price with a rebound.
5:57 of 2nd period - Minor Penalty to David Backes for Roughing.
5:58 of 2nd period - Brandon Dubinsky wins face-off versus Martin Hanzal in Blackhawks zone.
6:00 of 2nd period - Wrist shot by Ondrej Palat.
6:00 of 2nd period - Shot Misses the Net.
6:08 of 2nd period - Snap shot by Ryan Strome.
6:08 of 2nd period - Shot Blocked by Jared Spurgeon.
6:10 of 2nd period - Slapshot by Tyson Barrie.
6:10 of 2nd period - Stopped by Craig Anderson with a rebound.
6:12 of 2nd period - Snap shot by Ryan Suter.
6:12 of 2nd period - Stopped by Craig Anderson without a rebound.
6:13 of 2nd period - Brandon Dubinsky wins face-off versus Martin Hanzal in Blackhawks zone.
7:05 of 2nd period - Snap shot by Patric Hornqvist.
7:05 of 2nd period - Stopped by Craig Anderson with a rebound.
7:19 of 2nd period - Ondrej Palat is hit by Jeff Carter and loses puck.
7:57 of 2nd period - Penalty to David Backes is over, David Backes is back on ice.
8:12 of 2nd period - Andy Greene is hit by Patric Hornqvist and loses puck.
8:26 of 2nd period - Minor Penalty to Marc Methot for Tripping.
8:27 of 2nd period - Derek MacKenzie wins face-off versus David Backes in Lightning zone.
8:56 of 2nd period - Snap shot by Pascal Dupuis.
8:56 of 2nd period - Goal by Pascal Dupuis - Blackhawks : 2 - Lightning : 1.
8:57 of 2nd period - John Mitchell wins face-off versus Martin Hanzal in neutral zone.
9:25 of 2nd period - Slapshot by Jiri Tlusty.
9:25 of 2nd period - Stopped by Craig Anderson with a rebound.
9:27 of 2nd period - Wrist shot by Alex Chiasson.
9:27 of 2nd period - Stopped by Craig Anderson without a rebound.
9:28 of 2nd period - David Backes wins face-off versus Derek MacKenzie in Blackhawks zone.
9:37 of 2nd period - Slapshot by David Backes.
9:37 of 2nd period - Shot Misses the Net.
9:43 of 2nd period - Slapshot by Roman Polak.
9:43 of 2nd period - Stopped by Craig Anderson with a rebound.
9:45 of 2nd period - Wrist shot by Matt Calvert.
9:45 of 2nd period - Stopped by Craig Anderson without a rebound.
9:46 of 2nd period - David Backes wins face-off versus Leo Komarov in Blackhawks zone.
9:46 of 2nd period - David Backes is hit by Michael Stone.
10:06 of 2nd period - Slapshot by Pascal Dupuis.
10:06 of 2nd period - Shot Blocked by Matt Calvert.
10:20 of 2nd period - Minor Penalty to Andrew Shaw for Holding.
10:21 of 2nd period - Ryan Nugent-Hopkins wins face-off versus Martin Hanzal in Blackhawks zone.
10:24 of 2nd period - Wrist shot by Alexander Steen.
10:24 of 2nd period - Stopped by Craig Anderson with a rebound.
10:26 of 2nd period - Backhand shot by Ryan Suter.
10:26 of 2nd period - Shot Blocked by Jared Spurgeon.
10:28 of 2nd period - Slapshot by Ryan Suter.
10:28 of 2nd period - Deflect By Patric Hornqvist.
10:28 of 2nd period - Stopped by Craig Anderson with a rebound.
10:30 of 2nd period - Slapshot by Tyson Barrie.
10:30 of 2nd period - Shot Blocked by Martin Hanzal.
10:32 of 2nd period - Slapshot by Ryan Suter.
10:32 of 2nd period - Deflect By Alexander Steen.
10:32 of 2nd period - Shot Misses the Net.
10:32 of 2nd period - Puck is out of play.
10:33 of 2nd period - Ryan Nugent-Hopkins wins face-off versus Martin Hanzal in Blackhawks zone.
12:20 of 2nd period - Penalty to Andrew Shaw is over, Andrew Shaw is back on ice.
12:24 of 2nd period - Brandon Dubinsky is hit by Martin Hanzal and loses puck.
12:33 of 2nd period - Wrist shot by Ryan Suter.
12:33 of 2nd period - Shot Blocked by Jared Spurgeon.
12:35 of 2nd period - Snap shot by Ryan Strome.
12:35 of 2nd period - Stopped by Craig Anderson without a rebound.
12:36 of 2nd period - Riley Sheahan wins face-off versus Ondrej Palat in Blackhawks zone.
13:03 of 2nd period - Off-side.
13:04 of 2nd period - John Mitchell wins face-off versus David Backes in neutral zone.
13:19 of 2nd period - Wrist shot by Andrew Shaw.
13:19 of 2nd period - Shot Blocked by Dmitry Kulikov.
13:21 of 2nd period - Snap shot by David Backes.
13:21 of 2nd period - Goal by David Backes - Blackhawks : 3 - Lightning : 1.
13:22 of 2nd period - Ryan Nugent-Hopkins wins face-off versus Riley Sheahan in neutral zone.
13:52 of 2nd period - Minor Penalty to Riley Sheahan for Roughing.
13:53 of 2nd period - Brandon Dubinsky wins face-off versus Jeff Carter in Blackhawks zone.
15:42 of 2nd period - Snap shot by Patric Hornqvist.
15:42 of 2nd period - Shot Blocked by Pascal Dupuis.
15:52 of 2nd period - Penalty to Riley Sheahan is over, Riley Sheahan is back on ice.
17:06 of 2nd period - Snap shot by Matt Calvert.
17:06 of 2nd period - Stopped by Craig Anderson with a rebound.
17:23 of 2nd period - Snap shot by Ondrej Palat.
17:23 of 2nd period - Stopped by Craig Anderson with a rebound.
17:56 of 2nd period - Minor Penalty to Dustin Byfuglien for Hooking.
17:57 of 2nd period - Jeff Carter wins face-off versus Ryan Nugent-Hopkins in Blackhawks zone.
18:20 of 2nd period - Snap shot by Patric Hornqvist.
18:20 of 2nd period - Stopped by Craig Anderson with a rebound.
18:22 of 2nd period - Slapshot by Tyson Barrie.
18:22 of 2nd period - Shot Misses the Net.
19:14 of 2nd period - David Backes is hit by Patric Hornqvist and loses puck.
19:21 of 2nd period - Jared Spurgeon is hit by Patric Hornqvist.
19:37 of 2nd period - Jared Spurgeon is hit by Alexander Steen and loses puck.
19:48 of 2nd period - Sami Vatanen is hit by Ryan Strome and loses puck.
19:56 of 2nd period - Penalty to Dustin Byfuglien is over, Dustin Byfuglien is back on ice.
Goals for this period are 2 for Blackhawks vs 1 for Lightning.
Shots for this period are 12 for Blackhawks vs 15 for Lightning.

3rd period


0:01 of 3rd period - Brandon Dubinsky wins face-off versus Martin Hanzal in neutral zone.
0:40 of 3rd period - Jared Spurgeon is hit by Brandon Dubinsky.
0:46 of 3rd period - Brandon Dubinsky is hit by Troy Brouwer and loses puck.
1:05 of 3rd period - Brandon Dubinsky is hit by Michael Del Zotto and loses puck.
1:10 of 3rd period - Snap shot by Dustin Byfuglien.
1:10 of 3rd period - Shot Misses the Net.
1:12 of 3rd period - Snap shot by Dustin Byfuglien.
1:12 of 3rd period - Shot Blocked by Tyson Barrie.
1:14 of 3rd period - Snap shot by Dustin Byfuglien.
1:14 of 3rd period - Shot Misses the Net.
1:16 of 3rd period - Snap shot by Torey Krug.
1:16 of 3rd period - Deflect By Ondrej Palat.
1:16 of 3rd period - Stopped by Carey Price with a rebound.
1:18 of 3rd period - Snap shot by Michael Del Zotto.
1:18 of 3rd period - Shot Blocked by Ryan Suter.
1:22 of 3rd period - Wrist shot by Jeff Carter.
1:22 of 3rd period - Deflect By Ryan Suter.
1:22 of 3rd period - Shot Misses the Net.
1:22 of 3rd period - Puck is out of play.
1:23 of 3rd period - Ryan Nugent-Hopkins wins face-off versus Pascal Dupuis in Lightning zone.
1:23 of 3rd period - Ryan Nugent-Hopkins is hit by Pascal Dupuis.
2:26 of 3rd period - Derek MacKenzie is hit by Torey Krug and loses puck.
2:31 of 3rd period - Wrist shot by Riley Sheahan.
2:31 of 3rd period - Stopped by Carey Price with a rebound.
2:49 of 3rd period - Snap shot by Riley Sheahan.
2:49 of 3rd period - Stopped by Carey Price without a rebound.
2:50 of 3rd period - Martin Hanzal wins face-off versus John Mitchell in Lightning zone.
2:57 of 3rd period - Backhand shot by Alex Chiasson.
2:57 of 3rd period - Shot Misses the Net.
3:19 of 3rd period - Snap shot by Troy Brouwer.
3:19 of 3rd period - Stopped by Carey Price with a rebound.
3:21 of 3rd period - Wrist shot by Troy Brouwer.
3:21 of 3rd period - Deflect By Jiri Tlusty.
3:21 of 3rd period - Shot Misses the Net.
3:21 of 3rd period - Puck is out of play.
3:22 of 3rd period - Tyler Toffoli wins face-off versus Ryan Nugent-Hopkins in Lightning zone.
3:25 of 3rd period - Backhand shot by Dustin Byfuglien.
3:25 of 3rd period - Shot Blocked by Tyson Barrie.
3:27 of 3rd period - Minor Penalty to Alexander Steen for Goalie Interference.
3:28 of 3rd period - David Backes wins face-off versus Brandon Dubinsky in Lightning zone.
3:42 of 3rd period - Wrist shot by Jeff Carter.
3:42 of 3rd period - Shot Misses the Net.
3:44 of 3rd period - Wrist shot by David Backes.
3:44 of 3rd period - Deflect By Pascal Dupuis.
3:44 of 3rd period - Shot Blocked by Marc Methot.
3:44 of 3rd period - Puck is out of play.
3:45 of 3rd period - David Backes wins face-off versus Brandon Dubinsky in Lightning zone.
3:52 of 3rd period - Wrist shot by David Backes.
3:52 of 3rd period - Stopped by Carey Price without a rebound.
3:53 of 3rd period - Martin Hanzal wins face-off versus Derek MacKenzie in Lightning zone.
3:54 of 3rd period - Slapshot by Dustin Byfuglien.
3:54 of 3rd period - Deflect By Martin Hanzal.
3:54 of 3rd period - Stopped by Carey Price with a rebound.
3:56 of 3rd period - Snap shot by Martin Hanzal.
3:56 of 3rd period - Blackhawks goal is going for a video replay.
3:56 of 3rd period - The goal is refused. The net was displaced accidentally..
3:57 of 3rd period - Derek MacKenzie wins face-off versus Martin Hanzal in Lightning zone.
4:11 of 3rd period - Off-side.
4:12 of 3rd period - Brandon Dubinsky wins face-off versus Martin Hanzal in neutral zone.
4:15 of 3rd period - Backhand shot by Dmitry Kulikov.
4:15 of 3rd period - Deflect By Matt Calvert.
4:15 of 3rd period - Stopped by Craig Anderson with a rebound.
4:27 of 3rd period - Wrist shot by Brandon Dubinsky.
4:27 of 3rd period - Stopped by Craig Anderson with a rebound.
4:57 of 3rd period - Wrist shot by Jeff Carter.
4:57 of 3rd period - Shot Blocked by Roman Polak.
4:59 of 3rd period - Snap shot by Torey Krug.
4:59 of 3rd period - Shot Blocked by Roman Polak.
5:17 of 3rd period - Slapshot by Leo Komarov.
5:17 of 3rd period - Stopped by Craig Anderson with a rebound.
5:23 of 3rd period - Derek MacKenzie is hit by Dustin Byfuglien.
5:27 of 3rd period - Penalty to Alexander Steen is over, Alexander Steen is back on ice.
5:47 of 3rd period - Snap shot by Martin Hanzal.
5:47 of 3rd period - Stopped by Carey Price without a rebound.
5:48 of 3rd period - Martin Hanzal wins face-off versus John Mitchell in Lightning zone.
5:49 of 3rd period - Wrist shot by Troy Brouwer.
5:49 of 3rd period - Stopped by Carey Price with a rebound.
5:51 of 3rd period - Slapshot by Jared Spurgeon.
5:51 of 3rd period - Stopped by Carey Price with a rebound.
5:53 of 3rd period - Wrist shot by Troy Brouwer.
5:53 of 3rd period - Shot Misses the Net.
5:57 of 3rd period - Wrist shot by Tanner Pearson.
5:57 of 3rd period - Deflect By John Mitchell.
5:57 of 3rd period - Stopped by Carey Price with a rebound.
6:25 of 3rd period - Sami Vatanen is hit by Alex Chiasson and loses puck.
6:52 of 3rd period - Snap shot by Alexander Steen.
6:52 of 3rd period - Shot Misses the Net.
7:32 of 3rd period - Snap shot by David Backes.
7:32 of 3rd period - Shot Hit the Post.
7:34 of 3rd period - Snap shot by David Backes.
7:34 of 3rd period - Stopped by Carey Price without a rebound.
7:35 of 3rd period - Brandon Dubinsky wins face-off versus David Backes in Lightning zone.
7:43 of 3rd period - Minor Penalty to Ryan Strome for Roughing.
7:44 of 3rd period - David Backes wins face-off versus Derek MacKenzie in Lightning zone.
8:28 of 3rd period - Marc Methot is hit by Tyler Toffoli and loses puck.
9:43 of 3rd period - Penalty to Ryan Strome is over, Ryan Strome is back on ice.
10:18 of 3rd period - Minor Penalty to Martin Hanzal for Tripping.
10:19 of 3rd period - David Backes wins face-off versus Alexander Steen in Blackhawks zone.
11:28 of 3rd period - Wrist shot by Brandon Dubinsky.
11:28 of 3rd period - Stopped by Craig Anderson with a rebound.
11:42 of 3rd period - Ryan Suter is hit by Jeff Carter and loses puck.
12:18 of 3rd period - Penalty to Martin Hanzal is over, Martin Hanzal is back on ice.
12:31 of 3rd period - Roman Polak is hit by Martin Hanzal and loses puck.
13:38 of 3rd period - Ryan Suter is hit by Craig Smith and loses puck.
13:54 of 3rd period - Wrist shot by Tyler Toffoli.
13:54 of 3rd period - Shot Misses the Net.
13:56 of 3rd period - Slapshot by Tyler Toffoli.
13:56 of 3rd period - Stopped by Carey Price with a rebound.
14:12 of 3rd period - Derek MacKenzie is hit by Martin Hanzal and loses puck.
15:06 of 3rd period - Backhand shot by Ryan Nugent-Hopkins.
15:06 of 3rd period - Shot Blocked by Andy Greene.
15:08 of 3rd period - Wrist shot by Alexander Steen.
15:08 of 3rd period - Shot Misses the Net.
15:10 of 3rd period - Snap shot by Patric Hornqvist.
15:10 of 3rd period - Deflect By Ryan Nugent-Hopkins.
15:10 of 3rd period - Shot Misses the Net.
15:10 of 3rd period - Puck is out of play.
15:11 of 3rd period - David Backes wins face-off versus John Mitchell in Blackhawks zone.
15:11 of 3rd period - David Backes is hit by Jiri Tlusty.
15:17 of 3rd period - Michael Stone is hit by Pascal Dupuis and loses puck.
15:37 of 3rd period - Minor Penalty to Torey Krug for Roughing.
15:38 of 3rd period - Jeff Carter wins face-off versus Brandon Dubinsky in Blackhawks zone.
15:52 of 3rd period - Wrist shot by Ryan Strome.
15:52 of 3rd period - Stopped by Craig Anderson without a rebound.
15:53 of 3rd period - Jeff Carter wins face-off versus Ondrej Palat in Blackhawks zone.
16:05 of 3rd period - Slapshot by Marc Methot.
16:05 of 3rd period - Deflect By Ryan Strome.
16:05 of 3rd period - Shot Misses the Net.
16:05 of 3rd period - Puck is out of play.
16:06 of 3rd period - Ryan Nugent-Hopkins wins face-off versus Jeff Carter in Blackhawks zone.
17:11 of 3rd period - Snap shot by Ondrej Palat.
17:11 of 3rd period - Stopped by Craig Anderson with a rebound.
17:13 of 3rd period - Slapshot by Ondrej Palat.
17:13 of 3rd period - Goal by Ondrej Palat - Blackhawks : 3 - Lightning : 2.
17:14 of 3rd period - Mike Hoffman wins face-off versus Derek MacKenzie in neutral zone.
17:36 of 3rd period - Icing by Matt Calvert.
17:37 of 3rd period - Derek MacKenzie wins face-off versus Martin Hanzal in Lightning zone.
17:53 of 3rd period - Minor Penalty to Dmitry Kulikov for Elbowing.
17:54 of 3rd period - David Backes wins face-off versus Brandon Dubinsky in Lightning zone.
18:05 of 3rd period - Snap shot by Jeff Carter.
18:05 of 3rd period - Shot Blocked by Brandon Dubinsky.
18:17 of 3rd period - Derek MacKenzie is hit by Dustin Byfuglien and loses puck.
19:01 of 3rd period - Brandon Dubinsky is hit by Dustin Byfuglien and loses puck.
19:14 of 3rd period - Leo Komarov is hit by Dustin Byfuglien and loses puck.
19:47 of 3rd period - Wrist shot by Pascal Dupuis.
19:47 of 3rd period - Shot Misses the Net.
19:49 of 3rd period - Snap shot by David Backes.
19:49 of 3rd period - Shot Misses the Net.
19:51 of 3rd period - Wrist shot by Dustin Byfuglien.
19:51 of 3rd period - Shot Misses the Net.
19:53 of 3rd period - Penalty to Dmitry Kulikov is over, Dmitry Kulikov is back on ice.
19:53 of 3rd period - Wrist shot by Pascal Dupuis.
19:53 of 3rd period - Shot Misses the Net.
19:55 of 3rd period - Slapshot by Andy Greene.
19:55 of 3rd period - Stopped by Carey Price without a rebound.
19:56 of 3rd period - Mike Babcock call a timeout for Lightning.
19:56 of 3rd period - David Backes wins face-off versus Ryan Nugent-Hopkins in Lightning zone.
19:59 of 3rd period - Snap shot by Jeff Carter.
19:59 of 3rd period - Shot Blocked by Ryan Suter.
Goals for this period are 0 for Blackhawks vs 1 for Lightning.
Shots for this period are 14 for Blackhawks vs 7 for Lightning.